 Dungeon Crawl Stone Soup version 0.23.1 (webtiles) character file.

Game seed: 11784792769706774347

6996 Kairos the Covert (level 11, -3/56 HPs)
             Began as a Vine Stalker Assassin on Mar 17, 2019.
             Was a Follower of Uskayaw.
             Slain by a flying skull (4 damage)
             ... on level 10 of the Dungeon.
             The game lasted 00:17:21 (10543 turns).

Kairos the Covert (Vine Stalker Assassin)          Turns: 10543, Time: 00:17:22

Health: -3/56      AC: 13    Str: 13    XL:     11   Next: 8%
Magic:  0/12       EV: 13    Int: 13    God:    Uskayaw [*.....]
Gold:   587        SH:  5    Dex: 18    Spells: 10/10 levels left

rFire    . . .     SeeInvis .   a - +2 dagger
rCold    . . .     Gourm    .   p - +0 buckler (curse)
rNeg     . . .     Faith    .   I - +2 ring mail "Gemmolat" {rPois Int+2 Dex-5}
rPois    +         Spirit   +   s - +2 hat
rElec    .         Reflect  .   d - +0 cloak
rCorr    .         Harm     .   (no gloves)
MR       +....                  (no boots)
Stlth    ++++......             (no amulet)
HPRegen  0.58/turn              q - +2 ring of protection (curse)
MPRegen  0.13/turn              F - +3 ring of dexterity

@: no status effects
A: fangs 3, regeneration 1, magic shield, antimagic bite, no potion heal 3, rot
immunity
a: Stomp, Renounce Religion


You were on level 10 of the Dungeon.
You worshipped Uskayaw.
Uskayaw was noncommittal.
You were hungry.

You visited 1 branch of the dungeon, and saw 10 of its levels.
You also visited: Sewer and Ossuary.

You collected 587 gold pieces.

Inventory:

Hand Weapons
 a - a +2 dagger (weapon)
 b - a +0 blowgun
Missiles
 e - 62 poisoned needles
 f - 2 curare-tipped needles
Armour
 d - a +0 cloak (worn)
 p - a cursed +0 buckler (worn)
 s - a +2 hat (worn)
 I - the +2 ring mail "Gemmolat" (worn) {rPois Int+2 Dex-5}
   (You found it on level 5 of the Dungeon)

   It affects your intelligence (+2).
   It affects your dexterity (-5).
   It protects you from poison.
Jewellery
 k - an uncursed ring of stealth
 m - an uncursed ring of ice
 q - a cursed +2 ring of protection (left hand)
 y - an uncursed ring of fire
 F - a +3 ring of dexterity (right hand)
 P - an uncursed ring of flight
Wands
 c - a wand of enslavement (5)
 x - a wand of flame (50)
 N - a wand of disintegration (12)
 O - a wand of random effects (13)
Scrolls
 i - 2 scrolls of fear {unknown}
 l - 3 scrolls of immolation
 n - 4 scrolls of remove curse
 o - a scroll of noise {unknown}
 r - a scroll of enchant armour {unknown}
 t - 2 scrolls of magic mapping
 u - 2 scrolls of enchant weapon
 v - a scroll of amnesia {unknown}
 w - 7 scrolls of teleportation {unknown}
 A - a scroll of blinking
 D - 2 scrolls of fog {unknown}
 K - 2 scrolls of identify
Potions
 h - 2 potions of degeneration
 j - a potion of curing
 z - a potion of agility
 B - 2 potions of might {unknown}
 C - 2 potions of ambrosia
 E - 3 potions of flight {unknown}
 G - a potion of lignification {unknown}
 H - 4 potions of mutation {unknown}
 J - a potion of berserk rage {unknown}
 L - a potion of resistance {unknown}
 M - a potion of brilliance
Comestibles
 g - 23 rations
 Q - a chunk of flesh


   Skills:
 + Level 5.5 Fighting
 + Level 8.7 Short Blades
 + Level 1.9 Throwing
 + Level 3.9 Armour
 + Level 5.0 Dodging
 + Level 11.8 Stealth
 + Level 4.4 Shields
 + Level 0.4 Evocations


You had 10 spell levels left.
You didn't know any spells.
Your spell library was empty.

Dungeon Overview and Level Annotations

Branches:
Dungeon (10/15)            Temple (0/1) D:7            Lair (0/6) D:10
    Orc: D:9-12

Altars:
Ashenzari
Dithmenos
Elyvilon
Nemelex Xobeh
Qazlal
Sif Muna
Uskayaw
Vehumet
Wu Jian
Xom
Yredelemnul
Zin
Beogh

Annotations:
D:8 exclusion: oklob plant


Innate Abilities, Weirdness & Mutations

You have razor-sharp teeth.
Your natural rate of healing is unusually fast.
When hurt, damage is shared between your health and your magic reserves.
Your bite disrupts and absorbs the magic of your enemies.
Potions cannot restore your health.
You are immune to rotting.


Message History

The flying skull hits you!
* * * LOW HITPOINT WARNING * * *
The flying skull hits you but does no damage.
Things that are here:
a +0 trident; a +0 leather armour; an orc corpse The flying skull hits you.
* * * LOW HITPOINT WARNING * * *
You see here a +0 flail.
It was a potion of ambrosia.
You are confused.
Your system rejects the healing.
You feel invigorated. The flying skull hits you.
* * * LOW HITPOINT WARNING * * *
The flying skull closely misses you.
Your system rejects the healing.
You feel better.
You feel less invigorated. The flying skull hits you!
* * * LOW HITPOINT WARNING * * *
Unknown command.
You miss the flying skull. The flying skull hits you.
You die...

.........#..........#######
.........#......>.........#
....######.....)..........##
#####............(......^..#
.....รท.........ZZZ.........#
#######....#####z..........#
#....# #z########### #....#
#z# #....# #@# ###..# #.#
#### #.# #.# ###


You could see 3 flying skulls, a quokka zombie, a bullfrog zombie and a bullfrog
skeleton.

Vanquished Creatures
  Gastronok (D:8)
  Erica (D:9)
  Pikel (D:8)
  Maurice (D:8)
  A hornet (D:10)
  2 hippogriffs
  Eustachio (D:5)
  A black bear (D:8)
  2 ice beasts (D:7)
  A phantom (D:10)
  An orc warrior (D:9)
  A sky beast (D:6)
  5 centaurs
  3 ogres
  An elf zombie (Ossuary)
  2 big kobolds (D:9)
  6 bullfrogs
  A water moccasin zombie (D:5)
  3 scorpions
  5 wights (D:6)
  2 electric eels (D:3)
  3 howler monkeys
  A bullfrog zombie (D:6)
  6 crimson imps
  2 centaur zombies (Ossuary)
  A quasit (D:9)
  6 hounds
  A human zombie (Ossuary)
  2 orc priests
  A bullfrog skeleton (D:4)
  A jelly (D:4)
  14 orc wizards
  An iguana (D:7)
  3 worker ants
  2 big kobold zombies (Ossuary)
  3 hound skeletons
  2 mummies (Ossuary)
  A worker ant zombie (D:5)
  A gnoll (D:3)
  3 howler monkey skeletons
  15 adders
  A river rat (D:3)
  6 shadow imps
  13 oozes
  2 worms
  19 leopard geckos
  35 orcs
  7 ball pythons (Sewer)
  16 giant cockroaches
  4 goblins
  5 hobgoblins
  5 jackals
  4 quokkas
  8 bats
  9 frilled lizards
  A goblin zombie (Ossuary)
  13 hobgoblin zombies (Ossuary)
  2 jackal zombies (Ossuary)
  15 kobolds
  9 kobold zombies (Ossuary)
  A leopard gecko skeleton (D:5)
  5 orc zombies (Ossuary)
  4 rats
295 creatures vanquished.

Vanquished Creatures (others)
  3 slaves (D:8)
  A phantom (D:8)
  A centaur (D:8)
  2 orc priests (D:8)
  An iguana (D:8)
  An orc wizard (D:8)
  An adder skeleton (D:8)
10 creatures vanquished.

Grand Total: 305 creatures vanquished

Notes
Turn   | Place    | Note
-------+----------+-------------------------------------------
     0 | D:1      | Kairos the Vine Stalker Assassin began the quest for the
                  | Orb.
     0 | D:1      | Reached XP level 1. HP: 11/11 MP: 2/2
   352 | D:1      | Reached skill level 5 in Stealth
   907 | D:2      | Reached XP level 2. HP: 15/15 MP: 3/3
   940 | D:2      | Reached skill level 6 in Stealth
   940 | D:2      | Reached XP level 3. HP: 5/18 MP: 1/4
  1479 | D:2      | Gained mutation: Your natural rate of healing is unusually
                  | fast. [Vine Stalker growth]
  1479 | D:2      | Reached XP level 4. HP: 5/23 MP: 1/5
  1709 | D:2      | Found a radiant altar of Vehumet.
  2192 | D:3      | Found a transporter.
  2203 | D:3      | Found a transporter.
  2237 | D:3      | Reached skill level 7 in Stealth
  2253 | D:3      | Found a glowing silver altar of Zin.
  2253 | D:3      | Noticed a bullfrog
  2254 | D:3      | Found a deep blue altar of Sif Muna.
  2255 | D:3      | Found a sparkling altar of Nemelex Xobeh.
  2276 | D:3      | Found a transporter.
  2325 | D:3      | Reached skill level 1 in Dodging
  2407 | D:3      | Reached XP level 5. HP: 26/26 MP: 6/6
  2512 | D:3      | Found a glowing drain.
  2523 | Sewer    | Entered a sewer
  2790 | Sewer    | Reached XP level 6. HP: 25/30 MP: 5/7
  3039 | D:3      | Found a transporter.
  3110 | D:3      | Reached skill level 1 in Shields
  3575 | D:3      | Reached XP level 7. HP: 35/35 MP: 8/8
  4453 | D:4      | Found an ornate altar of the Wu Jian Council.
  4576 | D:5      | Entered Level 5 of the Dungeon
  4747 | D:5      | Reached skill level 8 in Stealth
  4747 | D:5      | Gained mutation: You have razor-sharp teeth. [Vine Stalker
                  | growth]
  4747 | D:5      | Reached XP level 8. HP: 40/40 MP: 9/9
  5010 | D:5      | Noticed Eustachio
  5028 | D:5      | Killed Eustachio
  5225 | D:5      | Reached skill level 5 in Short Blades
  5403 | D:5      | Found a hide-covered altar of Uskayaw.
  5424 | D:5      | Became a worshipper of Uskayaw the Reveler
  5532 | D:5      | Got a faintly humming ring mail
  5543 | D:5      | Identified the +2 ring mail "Gemmolat" {rPois Int+2 Dex-5}
                  | (You found it on level 5 of the Dungeon)
  5628 | D:6      | Reached * piety under Uskayaw
  5657 | D:6      | Reached ** piety under Uskayaw
  5663 | D:6      | Found a white marble altar of Elyvilon.
  5819 | D:6      | Reached *** piety under Uskayaw
  5820 | D:6      | Reached **** piety under Uskayaw
  5831 | D:6      | Reached ***** piety under Uskayaw
  5872 | D:6      | Found a sand-covered staircase.
  5880 | Ossuary  | Entered an ossuary
  6202 | Ossuary  | Reached ****** piety under Uskayaw
  6204 | Ossuary  | Reached XP level 9. HP: 40/45 MP: 10/10
  6366 | D:6      | Reached skill level 9 in Stealth
  6814 | D:6      | Found a basalt altar of Yredelemnul.
  6985 | D:7      | Reached skill level 1 in Armour
  7538 | D:7      | Found a staircase to the Ecumenical Temple.
  8106 | D:8      | Noticed Pikel
  8125 | D:8      | Killed Pikel
  8125 | D:8      | Reached skill level 10 in Stealth
  8204 | D:8      | Noticed Gastronok
  8222 | D:8      | Found a shadowy altar of Dithmenos.
  8227 | D:8      | Found a glowing silver altar of Zin.
  8227 | D:8      | Noticed an oklob plant
  8292 | D:8      | Killed Gastronok
  8292 | D:8      | Reached skill level 5 in Fighting
  8292 | D:8      | Reached XP level 10. HP: 35/51 MP: 11/11
  8698 | D:8      | Noticed Maurice
  8722 | D:8      | Killed Maurice
  8754 | D:8      | Found a stormy altar of Qazlal.
  8756 | D:8      | Found a shimmering altar of Xom.
  8944 | D:9      | Reached skill level 11 in Stealth
  9140 | D:9      | Found a runed translucent door.
  9256 | D:9      | Found a roughly hewn altar of Beogh.
  9442 | D:9      | Found a shattered altar of Ashenzari.
  9608 | D:9      | Noticed Erica
  9641 | D:9      | Killed Erica
  9641 | D:9      | Reached skill level 5 in Dodging
  9779 | D:9      | Reached XP level 11. HP: 53/56 MP: 12/12
 10024 | D:10     | Entered Level 10 of the Dungeon
 10347 | D:10     | Found a staircase to the Lair.
 10542 | D:10     | HP: 1/56 [flying skull (4)]
 10543 | D:10     | Slain by a flying skull

Skill      XL: |  1  2  3  4  5  6  7  8  9 10 |
---------------+-------------------------------+-----
Stealth        | 5 6 7 8 10 11 | 11.8
Short Blades   | 2 3 4 6 7 8 |  8.7
Dodging        | 1 2 3 4 5 |  5.0
Fighting       | 2 3 4 5 |  5.5
Shields        | 1 2 3 4 |  4.4
Armour         | 2 3 |  3.9
Throwing       | |  1.9
Evocations     | |  0.4

Action                   |  1- 3 |  4- 6 |  7- 9 | 10-12 || total
-------------------------+-------+-------+-------+-------++-------
Melee: Dagger            |    67 |   290 |   589 |   409 ||  1355
       Bite              |    16 |    73 |   212 |   152 ||   453
Evoke: Wand              |       |     4 |       |       ||     4
  Use: Potion            |       |     3 |       |     2 ||     5
       Scroll            |       |     1 |     7 |       ||     8
 Stab: Sleeping          |     5 |    12 |    14 |     8 ||    39
       Distracted        |       |       |     1 |       ||     1
       Paralysed         |       |       |    10 |    10 ||    20
  Eat: Chunk             |     1 |     7 |    12 |     8 ||    28
       Ration            |       |       |     1 |       ||     1
Armor: Robe              |     6 |    81 |    42 |       ||   129
       Ring mail         |       |       |    72 |   106 ||   178
Dodge: Dodged            |    31 |   140 |   231 |   162 ||   564
Block: Buckler           |     6 |    55 |    82 |    78 ||   221
